Map: Neon Violet Square LE

Players

Amazonic - Winner!

  • Race: Zerg Zerg
  • League: Bronze
  • Spawn Location: 11:00

Infamous

  • Race: Protoss Protoss
  • Spawn Location: 5:00

VOD

Have the link to the VOD?

Description

Time

  • Played on: Jan. 25, 2018, 12:56 p.m.
  • Length: 8:06
Show
View Real Time Build Order
Export as new Build Order

Amazonic Zerg - Winner!

Build Orders: Hatch First 

Get SALT Encoding   

  12  0:01  Drone  
  13  0:13  Overlord  
  13  0:18  Drone  
  14  0:32  Drone  
  14  0:33  Drone  
  14  0:35  Drone  
  17  0:53  Hatchery  
  16  0:57  Drone  
  16  0:59  Drone  
  18  1:11  Extractor  
  18  1:15  Spawning Pool  
  18  1:17  Drone  
  17  1:20  Drone  
  18  1:28  Drone  
  19  1:40  Overlord  
  19  2:02  Zergling x4  
  19  2:04  Queen x2  
  19  2:06  Drone  
  26  2:15  Metabolic Boost  
  26  2:16  Drone  
  26  2:17  Drone  
  28  2:29  Drone x2  
  30  2:41  Hatchery  
  29  2:48  Drone  
  29  2:50  Extractor  
  29  2:51  Drone x2  
  29  2:54  Drone  
  32  3:02  Lair  
  32  3:06  Drone  
  32  3:07  Drone  
  34  3:17  Overlord x2  
  34  3:21  Drone  
  34  3:22  Drone  
  36  3:32  Pneumatized Carapace  
  36  3:48  Drone x3  
  36  3:49  Drone x3  
  36  3:50  Drone x2  
  36  3:51  Overlord  
  36  3:54  Overlord  
  43  4:02  Drone  
  44  4:04  Hydralisk Den  
  43  4:19  Queen  
  43  4:24  Drone x9  
  46  4:26  Drone  
  55  4:32  Overlord  
  55  4:34  Overlord  
  55  4:35  Overlord  
  55  4:41  Lurker Den  
  55  4:44  Muscular Augments  
  54  4:47  Extractor  
  54  4:48  Evolution Chamber  
  54  4:52  Drone  
  53  4:54  Drone x3  
  56  5:04  Zergling x16  
  56  5:06  Zergling x2  
  65  5:16  Hydralisk  
  65  5:17  Hydralisk x2  
  65  5:19  Zerg Missile Weapons Level 1  
  70  5:34  Hydralisk  
  72  5:44  Overlord  
  72  5:45  Overlord x2  
  72  5:47  Extractor  
  72  5:49  Extractor x2  
  69  6:10  Lurker x3  
  72  6:25  Drone x13  
  80  6:26  Drone x3  
  80  6:27  Drone  
  89  6:46  Zergling x8, Hatchery  
  89  6:47  Zergling x12  
  98  6:51  Overlord  
  98  6:53  Overlord  
  98  6:59  Overlord  
  98  7:26  Hydralisk x2  
  98  7:27  Hydralisk x9  
Show
View Real Time Build Order
Export as new Build Order

Infamous Protoss 

Build Orders:  

Get SALT Encoding   

  12  0:01  Probe  
  13  0:13  Probe (Chrono Boost)  
  14  0:23  Probe (Chrono Boost)  
  15  0:32  Pylon  
  15  0:50  Probe  
  15  0:52  Gateway  
  16  1:02  Probe (Chrono Boost)  
  17  1:05  Assimilator  
  17  1:13  Probe (Chrono Boost)  
  18  1:18  Assimilator  
  18  1:33  Probe  
  19  1:41  Cybernetics Core  
  19  1:45  Pylon  
  19  1:46  Probe  
  20  1:50  Zealot  
  22  1:58  Probe  
  23  2:15  Pylon  
  23  2:20  Probe, Warp Gate (Chrono Boost)  
  24  2:29  Gateway  
  24  2:30  Gateway, Sentry  
  24  2:32  Gateway  
  26  2:43  Probe  
  26  2:54  Pylon  
  26  3:00  Stalker  
  29  3:05  Probe  
  29  3:24  Zealot x2  
  29  3:25  Zealot  
  35  3:28  Probe  
  36  3:38  Twilight Council  
  34  3:49  Adept  
  36  3:57  Gateway  
  36  4:40  Stalker  
  36  4:58  Nexus  
  36  5:12  Stalker  
  38  5:29  Pylon  
  38  5:40  Probe, Pylon  
  39  5:44  Pylon  
  39  5:48  Pylon  
  39  5:52  Probe, Stalker x3  
  46  6:15  Gateway  
  46  6:20  Pylon  
  46  6:22  Gateway  
  46  6:25  Probe  
  47  6:30  Sentry x2  
  51  6:37  Probe  
  52  7:00  Zealot  
  52  7:01  Zealot x4  
  39  7:33  Stalker x3  
Tags
 
Add a new tag
Caveats
  • Supply blocks, unpowered buildings, or Contaminate may cause inaccurate times.
  • Supply counts are checked every 10 seconds.